 Seeded DCSS version 0.30.1 (webtiles) character file.

Game seed: 6351066067085065685 (custom seed)

15750 Esekla the Thaumaturge (level 12, -7/64 (66) HPs)
             Began as a Deep Elf Necromancer on July 8, 2023.
             Was a High Priest of Vehumet.
             Killed by divine providence
             ... invoked by a meliai
              (14 damage)
             ... on level 14 of the Dungeon.
             The game lasted 01:49:34 (14038 turns).

Esekla the Thaumaturge (Deep Elf Necromancer)      Turns: 14038, Time: 01:49:35

HP:   -7/64 (66)    AC:  9    Str:  5    XL:     12   Next: 4%
MP:   41/41         EV: 16    Int: 26    God:    Vehumet [*****.]
Gold: 3             SH:  0    Dex: 15    Spells: 18/39 levels left

rFire   . . .        a - +5 scimitar
rCold   . . .        (no shield)
rNeg    . . .        H - +0 steam dragon scales
rPois   .            J - +1 helmet
rElec   .            E - +0 cloak
rCorr   .            n - +0 pair of gloves
SInv    .            (no boots)
Will    +....        z - amulet of magic regeneration
Stlth   +++          q - ring of magical power
HPRegen 0.30/turn    T - ring of the Mage {Wiz Archmagi}
MPRegen 0.67/turn

%: wizardry (x1), archmagi
@: about to teleport, hasted, studying Fighting, lightly drained, very quick
A: no striking features
a: Renounce Religion


You were on level 14 of the Dungeon.
You worshipped Vehumet.
Vehumet was extremely pleased with you.
You visited 2 branches of the dungeon, and saw 13 of its levels.
You also visited: Bailey.

You collected 717 gold pieces.
You spent 714 gold pieces at shops.

Inventory:

Hand Weapons
 a - a +5 scimitar (weapon)
 e - a +1 dagger of electrocution
 r - a +4 trident of venom
 s - a +2 vampiric dagger
 v - a +2 rapier of venom
 w - a +0 dagger of holy wrath
 L - a +5 long sword
Missiles
 x - 44 poisoned darts (quivered)
 I - 4 curare-tipped darts
 K - 5 boomerangs
Armour
 n - a +0 pair of gloves (worn)
 o - a +0 troll leather armour
 E - a +0 cloak (worn)
 H - +0 steam dragon scales (worn)
 J - a +1 helmet (worn)
 R - a +0 buckler
Jewellery
 q - a ring of magical power (left hand)
 z - an amulet of magic regeneration (around neck)
 S - an amulet of reflection
 T - the ring of the Mage (right hand) {Wiz Archmagi}
   (You bought it in a shop on level 2 of the Dungeon)

   [ring of wizardry]

   It improves your spell success rate.
   Archmagi:  It increases the power of your magical spells.
 V - a ring of ice
Wands
 i - a wand of roots (16)
 C - a wand of flame (7)
 G - a wand of mindburst (6)
 X - a wand of digging (9)
Scrolls
 c - a scroll of teleportation
 j - 2 scrolls of blinking
 l - 4 scrolls of enchant weapon
 m - a scroll of amnesia
 t - 2 scrolls of silence
 u - a scroll of immolation {unknown}
 y - a scroll of enchant armour {unknown}
 A - 2 scrolls of acquirement
 B - a scroll of magic mapping {unknown}
 D - a scroll of torment
 F - a scroll of poison
 O - a scroll of vulnerability {unknown}
 P - a scroll of fog
 Q - 4 scrolls of fear {unknown}
Potions
 b - a potion of magic
 d - 2 potions of ambrosia
 f - 2 potions of haste
 h - 6 potions of attraction
 k - 5 potions of curing
 p - 2 potions of mutation
 M - a potion of lignification
 N - a potion of cancellation
 U - a potion of degeneration {unknown}
 W - a potion of brilliance


   Skills:
 * Level 4.2 Fighting
 + Level 2.9(4.0) Short Blades
 + Level 3.8(4.3) Long Blades
 + Level 1.7 Throwing
 * Level 1.5 Armour
 * Level 8.9 Dodging
 + Level 6.0 Stealth
 * Level 1.3 Shields
 * Level 14.3 Spellcasting
 + Level 4.1 Conjurations
 + Level 11.6 Necromancy
 + Level 5.3 Translocations
 * Level 4.2 Fire Magic
 * Level 2.3 Ice Magic
 + Level 2.0 Evocations


You had 18 spell levels left.
You knew the following spells:

 Your Spells              Type           Power      Damage    Failure   Level
a - Magic Dart            Conj           100%       1d8       1%          1
d - Vampiric Draining     Necr           87%        2d12      1%          3
e - Searing Ray           Conj           100%       2d8       1%          2
f - Fireball              Conj/Fire      28%        3d12      1%          5
g - Ozocubu's Refrigerat  Ice            22%        4d12      63%         7
t - Teleport Other        Tloc           62%        N/A       1%          3

Your spell library contained the following spells:

 Spells                   Type           Power      Damage    Failure   Level
 Necrotise                Necr           100%       1d9       1%          1
 Lesser Beckoning         Tloc           100%       N/A       1%          2
 Gell's Gravitas          Tloc           62%        N/A       1%          3
 Hailstorm                Conj/Ice       52%        3d12      1%          3
 Animate Dead             Necr           87%        N/A       1%          4
 Agony                    Necr           87%        N/A       1%          5
 Spider Form              Tmut/Pois      27%        N/A       3%          3
 Cause Fear               Hex            13%        N/A       12%         4
 Summon Mana Viper        Hex/Summ       27%        N/A       32%         5


Dungeon Overview and Level Annotations

Branches:
Dungeon (11/15)            Temple (0/1) D:6             Orc (1/2) D:10
 Bailey (visited)
   Lair: D:8-11

Altars:
Dithmenos
Fedhas
Hepliaklqana
Nemelex Xobeh
Okawaru
Qazlal
Ru
Trog
Uskayaw
Vehumet
Zin
The Shining One

Shops:
D:2 =   D:4 (

Annotations:
D:11 Lodul


Message History

The centaur warrior shouts!
The deep elf pyromancer shouts!
You hear a shout!
The catoblepas bellows!
The meliai buzzes angrily.
The boulder beetle leaps!
A wraith comes into view.
The necromancer gestures at you while chanting.
The bolt of negative energy hits you!
You feel drained.
The deep elf pyromancer barely misses you.
A cyclops comes into view.
You hear a shout! x2; You hear an angry buzzing noise.
Okay, then.
Unknown command.
You feel yourself speed up.
The troll shouts!
The deep elf pyromancer casts a spell at you.
The bolt of fire hits you!!
* * * LOW HITPOINT WARNING * * *
The tree burns like a torch!
The necromancer completely misses you.
The deep elf pyromancer points at you and mumbles some strange words.
The bolt of fire misses you.
The five-headed hydra roars!
You hear a shout!
Blink to where?
Press: ? - help, Dir - move target
As you read the scroll of blinking, it crumbles to dust.
The centaur warrior unwields a +0 dagger.
The centaur warrior wields a +0 longbow.
The centaur warrior shoots an arrow.
The arrow misses you.
A cyclops comes into view.
Really read the scroll of poison?
The air fills with toxic fumes!
As you read the scroll of poison, it crumbles to dust.
The centaur warrior shoots an arrow.
The arrow hits you!
* * * LOW HITPOINT WARNING * * *
You feel much better.
The centaur warrior shoots an arrow.
The arrow hits you!
* * * LOW HITPOINT WARNING * * *
The deep elf pyromancer casts a spell.
As you read the scroll of teleportation, it crumbles to dust.
You feel strangely unstable.
The meliai mumbles some strange prayers to its god against you.
Something smites you!
You die...

♣ ♣.♣♣♣♣♣♣♣
♣......♣
#...~.♣
§.#.#..P..♣
.§#§#...§.♣
§§§§§..z..♣ .
#§.§§z###H♣
.W
§ECT§T§@#♣.
♣.###e§y§§###
♣#
♣.C.§§pc§..C.
♣...Ye#§
♣..99.#
♣.≈...#
♣...§§D
♣♣♣♣♣§♣ #####
##♣D♣


You could see a catoblepas, a skeletal warrior, a centaur warrior, a cyclops, 2
deep elf pyromancers, a necromancer, 2 trolls, a fire elemental (summoned), a
gargoyle and a meliai.

Vanquished Creatures
  Harold (D:9)
  A boulder beetle (D:14)
  2 two-headed ogres
  Pikel (D:6)
  2 orc knights (Bailey)
  An ugly thing (D:14)
  3 cyclopes
  A manticore (D:14)
  Joseph (D:7)
  A gargoyle (D:10)
  A kobold demonologist (D:9)
  A polar bear (D:11)
  3 trolls (D:10)
  A centaur simulacrum (D:11)
  A basilisk (D:11)
  9 yaks
  2 steam dragons
  2 wyverns
  Menkaure (D:7)
  3 ice beasts
  A sky beast (D:6)
  10 orc warriors
  2 black bears
  5 ogres
  2 centaurs
  5 wolves
  A phantom (D:7)
  Blork the orc (D:6)
  4 kobold brigands
  4 gnoll sergeants
  2 bullfrogs
  2 scorpions (D:5)
  10 wights
  20 killer bees
  2 howler monkeys (D:10)
  2 quasits
  2 gnoll boudas
  6 hounds
  A jelly (D:6)
  Crazy Yiuf (D:7)
  6 orc priests
  A sleepcap (D:5)
  4 iguanas
  8 orc wizards
  26 gnolls
  9 adders
  3 shadow imps (D:8)
  7 white imps
  4 ufetubi
  A worm (D:4)
  3 dart slugs
  52 orcs
  6 ball pythons
  4 bats
  4 endoplasms
  9 goblins
  7 hobgoblins
  A quokka (D:1)
  4 frilled lizards
  21 kobolds
  A rat (D:2)
302 creatures vanquished.

Vanquished Creatures (others)
  An orc (D:8)
1 creature vanquished.

Grand Total: 303 creatures vanquished

Notes
Turn   | Place    | Note
-------+----------+-------------------------------------------
     0 | D:1      | Esekla the Deep Elf Necromancer began the quest for the
                  | Orb.
     0 | D:1      | Reached XP level 1. HP: 10/10 MP: 6/6
   199 | D:1      | Reached XP level 2. HP: 14/15 MP: 8/8
   272 | D:2      | Noticed a black bear
   404 | D:2      | Found Renulab's Jewellery Shop.
   446 | D:2      | Reached skill level 5 in Necromancy
   667 | D:3      | Reached XP level 3. HP: 19/19 MP: 10/10
   671 | D:3      | Learned a level 3 spell: Vampiric Draining
   949 | D:4      | Found an iron altar of Okawaru.
   962 | D:4      | Found a glowing silver altar of Zin.
   993 | D:4      | Found a radiant altar of Vehumet.
   997 | D:4      | Became a worshipper of Vehumet
  1008 | D:4      | Found a glowing golden altar of the Shining One.
  1229 | D:3      | Reached skill level 1 in Short Blades
  1265 | D:3      | Reached XP level 4. HP: 22/24 MP: 1/11
  1355 | D:3      | Reached skill level 4 in Spellcasting
  1457 | D:4      | HP: 1/24 [gnoll/+0 halberd[a gnoll bouda] (14)]
  1609 | D:4      | Noticed a scorpion
  1609 | D:4      | Noticed a phantom
  2196 | D:4      | Reached XP level 5. HP: 28/28 MP: 13/13
  2312 | D:4      | Found Ponaysk's Antique Weapon Boutique.
  2893 | D:3      | Identified the +5 rapier of the Hero {heavy, rN+ Dex+3}
  2969 | D:1      | Reached skill level 5 in Spellcasting
  3354 | D:2      | Found a faded altar of an unknown god.
  3440 | D:2      | Killed a black bear
  3440 | D:2      | Reached * piety under Vehumet
  3440 | D:2      | Offered knowledge of Kiss of Death by Vehumet.
  3441 | D:2      | Reached XP level 6. HP: 22/32 MP: 11/16
  3483 | D:2      | Learned a level 3 spell: Teleport Other
  3647 | D:3      | Found a stormy altar of Qazlal.
  3650 | D:3      | Found a hazy altar of Hepliaklqana.
  3650 | D:3      | Found a bloodstained altar of Trog.
  3912 | D:3      | Reached skill level 1 in Translocations
  4133 | D:5      | Entered Level 5 of the Dungeon
  4166 | D:5      | Found a shadowy altar of Dithmenos.
  4264 | D:5      | Got the Parchment of the Lumpy Olives
  4508 | D:5      | Reached skill level 6 in Spellcasting
  4508 | D:5      | Reached XP level 7. HP: 36/36 MP: 16/18
  5271 | D:6      | Noticed Pikel
  5288 | D:6      | HP: 1/36 [constriction (7)]
  5289 | D:6      | Killed Pikel
  5290 | D:6      | Reached skill level 5 in Dodging
  5290 | D:6      | Reached skill level 7 in Spellcasting
  5290 | D:6      | Reached XP level 8. HP: 7/41 MP: 2/21
  5459 | D:6      | Noticed Blork the orc
  5476 | D:6      | Killed Blork the orc
  5477 | D:6      | Reached skill level 8 in Spellcasting
  5602 | D:6      | Found a staircase to the Ecumenical Temple.
  5732 | D:6      | Reached ** piety under Vehumet
  5732 | D:6      | Offered knowledge of Magic Dart by Vehumet.
  5736 | D:6      | Learned a level 1 spell: Magic Dart
  5799 | D:6      | Found a blossoming altar of Fedhas.
  6153 | D:7      | Found a runed translucent door.
  6154 | D:7      | Noticed Crazy Yiuf
  6166 | D:7      | Killed Crazy Yiuf
  6301 | D:7      | Reached skill level 5 in Stealth
  6389 | D:7      | Noticed Menkaure
  6395 | D:7      | Killed Menkaure
  6396 | D:7      | Reached skill level 1 in Long Blades
  6396 | D:7      | Reached skill level 9 in Spellcasting
  6396 | D:7      | Reached XP level 9. HP: 45/45 MP: 22/24
  6833 | D:7      | Noticed Joseph
  6877 | D:7      | Killed Joseph
  6885 | D:7      | Reached skill level 10 in Spellcasting
  7160 | D:7      | Offered knowledge of Searing Ray by Vehumet.
  7167 | D:7      | Learned a level 2 spell: Searing Ray
  7471 | D:8      | Reached *** piety under Vehumet
  7485 | D:8      | Reached skill level 1 in Throwing
  7697 | D:8      | Noticed a two-headed ogre
  7991 | D:8      | Offered knowledge of Hailstorm by Vehumet.
  8019 | D:8      | Reached skill level 11 in Spellcasting
  8406 | D:8      | Reached skill level 5 in Translocations
  8514 | D:8      | Killed a two-headed ogre
  8515 | D:8      | Reached skill level 10 in Necromancy
  8515 | D:8      | Reached skill level 1 in Evocations
  8515 | D:8      | Reached XP level 10. HP: 50/50 MP: 24/27
  8564 | D:8      | Found a hide-covered altar of Uskayaw.
  8596 | D:8      | Found a transporter.
  8597 | D:8      | Found a transporter.
  8600 | D:8      | Found a transporter.
  8621 | D:8      | Found a transporter.
  9355 | D:9      | Found a flagged portal.
  9360 | D:9      | Reached **** piety under Vehumet
  9372 | Bailey   | Entered a bailey
  9434 | Bailey   | Offered knowledge of Fireball by Vehumet.
  9470 | Bailey   | Learned a level 5 spell: Fireball
  9695 | Bailey   | Identified the +2 bardiche of Puhoisos {heavy, rElec
                  | Stlth+}
  9698 | Bailey   | Noticed an orc knight
  9698 | Bailey   | Noticed an orc knight
  9791 | Bailey   | Reached skill level 1 in Fire Magic
  9808 | Bailey   | Killed an orc knight
  9809 | Bailey   | Reached skill level 12 in Spellcasting
  9809 | Bailey   | Reached skill level 1 in Conjurations
  9886 | Bailey   | Killed an orc knight
 10015 | D:9      | Reached skill level 1 in Fighting
 10056 | D:9      | Noticed a two-headed ogre
 10126 | D:9      | Noticed Harold
 10141 | D:9      | Killed Harold
 10197 | D:9      | Noticed a sun demon
 10342 | D:9      | Killed a two-headed ogre
 10397 | D:9      | Found a sparkling altar of Nemelex Xobeh.
 10425 | D:9      | Reached XP level 11. HP: 57/57 MP: 29/29
 11226 | D:10     | Entered Level 10 of the Dungeon
 11260 | D:10     | Found a staircase to the Orcish Mines.
 11321 | D:9      | Reached skill level 13 in Spellcasting
 11509 | D:10     | Reached ***** piety under Vehumet
 11713 | D:10     | Found a sacrificial altar of Ru.
 11758 | D:10     | Offered knowledge of Ozocubu's Refrigeration by Vehumet.
 11767 | D:10     | Learned a level 7 spell: Ozocubu's Refrigeration
 12101 | D:10     | Reached skill level 1 in Ice Magic
 12303 | Orc:1    | Entered Level 1 of the Orcish Mines
 12308 | Orc:1    | Noticed an orc knight
 12571 | D:2      | Bought the ring of the Mage {Wiz Archmagi} for 714 gold
                  | pieces
 12571 | D:2      | Found the ring of the Mage {Wiz Archmagi}
 13102 | D:11     | Noticed Lodul
 13106 | D:11     | Reached skill level 1 in Armour
 13632 | D:11     | Reached skill level 14 in Spellcasting
 13794 | D:11     | Reached skill level 1 in Shields
 13869 | D:11     | Got Simple Magic
 13870 | D:11     | You fall into a shaft and drop 3 floors!
 13872 | D:14     | Noticed a boulder beetle
 13874 | D:14     | Noticed a cyan ugly thing
 13886 | D:14     | Killed a cyan ugly thing
 13897 | D:14     | Killed a boulder beetle
 13898 | D:14     | Reached XP level 12. HP: 36/66 MP: 24/32
 13910 | D:14     | Noticed a catoblepas
 14022 | D:14     | Noticed a five-headed hydra
 14032 | D:14     | Noticed a boulder beetle
 14033 | D:14     | Noticed a centaur warrior
 14036 | D:14     | HP: 1/64 [centaur warrior/arrow (17)]
 14038 | D:14     | Killed from afar by a meliai

Illustrated notes

Levels and vault maps discovered:
D:1:      sevenhm_arrival_forest_fort_small_3, layout_rooms,
          chequers_serial_rivers_room_b, minmay_misc_feat_five
D:2:      layout_loops_ring, dreamdust_ecumenical_altar_angels_and_demons,
          serial_shops, shop
D:3:      layout_basic, grunt_temple_overflow_open, minmay_misc_feat_iff
D:4:      layout_basic, nicolae_overflow_quartered_altars, serial_shops,
          nicolae_diamond_shop
D:5:      layout_loops_ring, lemuel_doored_altar, minmay_misc_feat_rows,
          dreamdust_wishing_well
D:6:      layout_loops_cross, fedhas_altar_fruit_tree,
          minmay_temple_entry_glass, uniq_pikel, uniq_blork_the_orc
D:7:      layout_basic, uniq_menkaure, uniq_joseph, uniq_crazy_yiuf_cottage
D:8:      layout_basic, nicolae_uskayaw_dance_hall, serial_demonic,
          serial_demonic_d, serial_demonic_a, serial_demonic_c,
          serial_demonic_c, nicolae_diode_quadrants
D:9:      layout_irregular_city, kennysheep_little_box, enter_bailey_4,
          minmay_between, uniq_harold
D:10:     layout_basic, nicolae_ru_awakened_eye
D:11:     layout_rooms, hellmonk_lair_entry_icy, serial_ice, serial_ice_j,
          serial_ice_m, serial_ice_o, serial_ice_c, serial_ice_g, serial_ice_f,
          guppyfry_shop_earth, uniq_psyche, uniq_lodul
D:14:     nzn_winding_woodlands_large [nzn_winding_woodlands_5x5_checkerboard,
          nzn_winding_woodlands_5x15_longhouse,
          nzn_winding_woodlands_5x5_default,
          nzn_winding_woodlands_center_garden,
          nzn_winding_woodlands_15x15_five_gardens,
          nzn_winding_woodlands_center_lodge, nzn_winding_woodlands_5x5_default,
          nzn_winding_woodlands_5x15_crooked, nzn_winding_woodlands_5x5_three],
          layout_loops_corners
Orc:1:    layout_caves

Skill      XL: |  1  2  3  4  5  6  7  8  9 10 11 |
---------------+----------------------------------+-----
Dodging        | 3 4 5 7 8 |  8.9
Necromancy     | 5 6 7 8 10 11 | 11.6
Stealth        | 3 4 5 6 |  6.0
Short Blades   | 1 2 |  2.9
Spellcasting   | 4 5 6 7 9 11 12 14 | 14.3
Translocations | 1 2 4 5 |  5.3
Long Blades    | 1 2 3 |  3.8
Throwing       | 1 |  1.7
Evocations     | 1 2 |  2.0
Fire Magic     | 2 4 |  4.2
Conjurations   | 3 4 |  4.1
Fighting       | 2 4 |  4.2
Ice Magic      | 2 |  2.3
Armour         | 1 |  1.5
Shields        | 1 |  1.3

Action                     |  1- 3 |  4- 6 |  7- 9 | 10-12 || total
---------------------------+-------+-------+-------+-------++-------
  Melee: Dagger            |    60 |   130 |    71 |     8 ||   269
         Unarmed           |     9 |       |       |       ||     9
         Short sword       |     8 |       |       |       ||     8
         Punch             |       |     1 |       |     3 ||     4
         Scimitar          |       |       |   117 |   171 ||   288
         Long sword        |       |       |       |     4 ||     4
         Rapier            |       |       |       |     2 ||     2
  Throw: Dart              |       |     1 |    23 |    28 ||    52
   Cast: Vampiric Draining |     6 |    36 |    70 |   113 ||   225
         Teleport Other    |       |       |     5 |     4 ||     9
         Searing Ray       |       |       |    20 |    28 ||    48
         Fireball          |       |       |       |    25 ||    25
  Evoke: Wand              |       |       |    18 |     5 ||    23
    Use: Scroll            |       |       |    12 |    10 ||    22
         Potion            |       |       |     6 |     5 ||    11
   Stab: Sleeping          |     6 |     8 |    12 |     7 ||    33
 Armour: Robe              |    10 |    21 |    74 |       ||   105
         Steam dragon scal |       |       |       |   128 ||   128
         Skin              |       |       |       |     2 ||     2
  Dodge: Dodged            |    42 |    84 |   247 |   357 ||   730
